[Event "44th Chess Olympiad Open 2022"]
[Site "Chennai"]
[Date "2022.08.07"]
[Round "9.51"]
[White "Nsubuga, Haruna"]
[Black "Sakhawaty, Sepehr"]
[Result "1-0"]
[WhiteElo "2160"]
[BlackElo "1809"]
[Annotator "ChessBase"]
[PlyCount "103"]
[EventDate "2022.??.??"]
[TimeControl "60"]

1. e4 c5 2. Nf3 d6 3. d4 cxd4 4. Nxd4 Nf6 5. Nc3 a6 6. Be2 e5 7. Nb3 Be7 8. Bg5 Be6 9. Bxf6 Bxf6 10. Nd5 Bg5 11. O-O O-O 12. Bg4 Nc6 13.
Re1 Bxd5 14. Qxd5 Qc7 15. c3 b5 16. Red1 Rfd8 17. Bh5 g6 18.
Bg4 Ne7 19. Qd3 d5 20. Bf3 f5 21. exd5 Rd6 22. Qc2 Rad8 23. a4 e4 24. Be2 Nxd5 25. Nd4 e3 26. axb5 exf2+ 27. Kh1 Ne3 28. Qb3+ Kh8 29. Rdb1 axb5 30. Qxb5 f1=Q+ 31. Bxf1 Rxd4 32. cxd4 Ng4 33.
g3 Rxd4 34. Bg2 Rd2 35. Re1 Kg7 36. Re2 Nf2+ 37. Kg1 Rxe2 38. Qxe2 Qc5 39. Bf3 Ng4+ 40. Kh1 Ne5 41. Bg2 Ng4 42. Bf3 Ne5 43.
Rd1 f4 44. Kg2 Nc4 45. Rd7+ Kh6 46. h4 Bf6 47. Qe4 Ne3+ 48. Kh3 Qf5+ 49. Qxf5 Nxf5 50. Rf7 Bd8 51. gxf4 Bxh4 52. Rxf5 1-0

[Event "44th Chess Olympiad Open 2022"]
[Site "Chennai"]
[Date "2022.08.07"]
[Round "9.51"]
[White "Amini, Habibullah"]
[Black "Kawuma, Patrick"]
[Result "1/2-1/2"]
[WhiteElo "2035"]
[BlackElo "2270"]
[Annotator "RC"]
[PlyCount "88"]
[EventDate "2022.??.??"]
[TimeControl "60"]

1. d4 Nf6 2. Bf4 g6 3. Nc3 d5 4. e3 Bg7 5. h4 a6 6. Be2 h6 7. Nf3 Nbd7 8. Ne5 Nf8 9. Nd3 b6 10. Bf3 Bb7 11. Be5 N8d7 12. Bf4 c5 13.
Ne2 Ne4 14. c3 Qc8 15. Ne5 Nxe5 16. dxe5 Qe6 17. Qb3 c4 18. Qa4+ b5 19. Qa3 Bxe5 20. Bxe4 dxe4 21. Bxe5 Qxe5 22. Rd1 Qc7 23. b3 cxb3 24. axb3 O-O 25. Rd4 Rfd8 26. h5 g5 27. O-O e5 28. Rxd8+ Rxd8 29. Ng3 Qd6 30. Qa5 Re8 31. c4 Qe6 32. Rd1 bxc4 33. bxc4 Qxc4 34. Rd6 Bc8 35. Rxh6 Qb5 36. Qd2 Be6 37. Rxe6 fxe6 38. Qc2 Qd3 39. Qc7 Rf8 40. Qe7 Qd1+ 41. Kh2 Qg4 42. Kg1 Qd1+ 43. Kh2 Qg4 44. Kg1 Qd1+ 1/2-1/2

[Event "44th Chess Olympiad Open 2022"]
[Site "Chennai"]
[Date "2022.08.07"]
[Round "9.51"]
[White "Sulaiman, Ahmad Ashrafi"]
[Black "Egesa emmanuel"]
[Result "1/2-1/2"]
[WhiteElo "1953"]
[BlackElo "2152"]
[Annotator "ChessBase"]
[PlyCount "84"]
[EventDate "2022.??.??"]
[TimeControl "60"]

1. d4 Nf6 2. Bf4 g6 3. Nc3 d5 4. Qd2 h6 5. h4 a6 6. e3 Nc6 7. Nf3 Bg7 8. Ne5 Bd7 9. Be2 e6 10. g4 Qe7 11. O-O-O O-O-O 12. Bg3 Ne4 13. Nxc6 Bxc6 14. Nxe4 dxe4 15. Qc3 Qd7 16.
Qa5 Bf8 17. Be5 Rg8 18. g5 h5 19. Kb1 Bd6 20. c4 Bxe5 21.
dxe5 Qe7 22. b4 Rxd1+ 23. Rxd1 Rd8 24. Rxd8+ Kxd8 25. Kc2 b6 26. Qa3 a5 27. Kc3 axb4+ 28. Qxb4 Qc5 29. Qxc5 bxc5 30. Bd1 Kc8 31. Bc2 Kb7 32. a3 Kb6 33. Kd2 Ka5 34. Ke2 Bb7 35. Kf1 Bc6 36. Kg2 Bb7 37. Kg3 Bc6 38. Kf4 Bb7 39. Bb3 Bc6 40. Bd1 Bb7 41. Bc2 Bc6 42. Kg3 Bb7 1/2-1/2

[Event "44th Chess Olympiad Open 2022"]
[Site "Chennai"]
[Date "2022.08.07"]
[Round "9.52"]
[White "Gong, Daniel Hanwen"]
[Black "Pereira, Sergio Murilo de Ar"]
[Result "1-0"]
[WhiteElo "2296"]
[BlackElo "2093"]
[Annotator "NA RC"]
[PlyCount "29"]
[EventDate "2022.??.??"]
[TimeControl "60"]

1. d4 d5 2. Bf4 Nf6 3. e3 c5 4. dxc5 e6 5. b4 a5 6. c3 Bd7 7. Nd2 b6 8. cxb6 axb4 9. Bc7 Qc8 10. cxb4 Ne4 11. Nxe4 dxe4 12. a3 Rxa3 13. Rb1 Nc6 14. Bb5 Nxb4 15. b7 1-0

[Event "44th Chess Olympiad Open 2022"]
[Site "Chennai"]
[Date "2022.08.07"]
[Round "9.52"]
[White "Duneas, John"]
[Black "Espirito Santo, Waldyr"]
[Result "1/2-1/2"]
[WhiteElo "2031"]
[BlackElo "1922"]
[Annotator "NA RC"]
[PlyCount "59"]
[EventDate "2022.??.??"]
[TimeControl "60"]

1. d4 e6 2. c4 d5 3. Nc3 Nf6 4. Nf3 Be7 5. Bg5 O-O 6. e3 Nbd7 7. Bd3 h6 8. Bf4 dxc4 9. Bxc4 c5 10. O-O cxd4 11. exd4 Nb6 12. Bb3 Nbd5 13. Bg3 b6 14. Ne5 Bb7 15. Qe2 Nxc3 16. bxc3 Nd5 17. Qd3 Rc8 18. Rac1 a6 19. Bc2 Nf6 20. f3 Re8 21. Ng4 Kf8 22. Be5 Bd5 23.
Ne3 Bb7 24. Ng4 Bd5 25. Ne3 Bb7 26. Ng4 Rb8 27. Ra1 Rc8 28.
Rac1 Bd5 29. Ne3 Bb7 30. Ng4 1/2-1/2

[Event "44th Chess Olympiad Open 2022"]
[Site "Chennai"]
[Date "2022.08.07"]
[Round "9.52"]
[White "Lima, Osvaldo Dos Santos"]
[Black "Stark, John"]
[Result "0-1"]
[WhiteElo "1863"]
[BlackElo "2028"]
[Annotator "RC"]
[PlyCount "152"]
[EventDate "2022.??.??"]
[TimeControl "60"]

1. c4 e5 2. Nc3 Nf6 3. e4 Bc5 4. h3 O-O 5. Nf3 c6 6. d3 d5 7. cxd5 cxd5 8. Be2 d4 9. Nb1 Nc6 10. O-O h6 11. a3 a5 12. Nbd2 Ne8 13.
Nc4 Qe7 14. g4 b5 15. Ncd2 a4 16. Re1 Be6 17. Bf1 Nc7 18. Bg2 Rfc8 19. Nf1 Bb3 20. Qe2 b4 21. Ng3 bxa3 22. bxa3 Nb5 23. Nf5 Qe6 24. g5 Nc3 25. Qf1 h5 26. h4 Qe8 27. Bh3 Na5 28. Ng3 g6 29. Bxc8 Rxc8 30.
Nd2 Qe6 31. f3 Bc2 32. Kh2 Qa6 33. f4 Bxd3 34. Qf3 exf4 35. Qxf4 Qe6 36. Qf3 Bb5 37. e5 Bd7 38. Nge4 Qxe5+ 39. Qg3 Qxg3+ 40. Kxg3 Be6 41. Nxc5 Rxc5 42. Bb2 Rb5 43. Bxc3 dxc3 44. Ne4 c2 45. Rac1 Rb3+ 46. Kf4 Rh3 47. Rxc2 Rxh4+ 48. Ke5 Kg7 49. Nd6 Rg4 50. Ne4 Nc4+ 51. Rxc4 Bxc4 52. Re3 Bb3 53. Kd6 h4 54. Ke5 Bc2 55. Nd6 Rxg5+ 56. Kf4 Rd5 57. Ne8+ Kh6 58. Re7 g5+ 59. Kf3 Rf5+ 60. Kg2 Bb3 61. Nd6 Rf4 62. Re8 Bd5+ 63. Kh2 Rf2+ 64. Kg1 Ra2 65. Rg8 Kh5 66. Ne8 Ra1+ 67. Kf2 Be6 68. Nf6+ Kh6 69. Ne4 f5 70. Rxg5 fxe4 71. Re5 Bb3 72. Rxe4 Kg5 73. Re5+ Kf4 74. Rh5 Ra2+ 75. Kg1 Rxa3 76. Rxh4+ Kg3 0-1

[Event "44th Chess Olympiad Open 2022"]
[Site "Chennai"]
[Date "2022.08.07"]
[Round "9.52"]
[White "Alegre, Fabio Costa"]
[Black "Croad, Nicolas"]
[Result "1/2-1/2"]
[WhiteElo "1809"]
[BlackElo "2289"]
[Annotator "RC"]
[PlyCount "81"]
[EventDate "2022.??.??"]
[TimeControl "60"]

1. c4 e6 2. g3 d5 3. Bg2 Nf6 4. Nf3 Be7 5. O-O O-O 6. b3 c6 7. Bb2 a5 8. d4 Ne4 9. Nfd2 f5 10. Nxe4 fxe4 11. f3 exf3 12. exf3 dxc4 13. bxc4 e5 14. dxe5 Qb6+ 15. Bd4 Bc5 16. Bf2 Be6 17. Nd2 Nd7 18. f4 Bxf2+ 19. Rxf2 Rad8 20. Rb1 Qd4 21. Ne4 Qa7 22. Qe2 Bf5 23. Rd1 Bxe4 24. Bxe4 Nc5 25. Rxd8 Rxd8 26. Qe3 Qb6 27. Kg2 Qb4 28. Rc2 Rd1 29. Bf3 Rd3 30. Qe2 Rd8 31. Bg4 Nd3 32. Kh3 Qa3 33. Qe3 Qc5 34. Qxc5 Nxc5 35. Be2 a4 36. Kg2 Kf7 37. Kf3 Rd4 38. Ke3 Re4+ 39. Kf3 Rd4 40. Ke3 Re4+ 41. Kf3 1/2-1/2

[Event "44th Chess Olympiad Open 2022"]
[Site "Chennai"]
[Date "2022.08.07"]
[Round "9.53"]
[White "Miguel, Sergio"]
[Black "Deng, Yu Dong Michael"]
[Result "1/2-1/2"]
[WhiteElo "2274"]
[BlackElo "2028"]
[Annotator "RC"]
[PlyCount "100"]
[EventDate "2022.??.??"]
[TimeControl "60"]

1. d4 d5 2. Nf3 Nf6 3. c4 e6 4. g3 Be7 5. Bg2 O-O 6. O-O dxc4 7. Na3 Bxa3 8. bxa3 b5 9. Ne5 Nd5 10. Qc2 Nd7 11. Nc6 Qe8 12. a4 b4 13. e4 Ne7 14. Nxe7+ Qxe7 15. Qxc4 Nb6 16. Qc2 a5 17. Bf4 Bd7 18. Qxc7 Nxa4 19. Bd6 Qd8 20. Qb7 Re8 21. e5 Rc8 22. a3 bxa3 23. Rxa3 Nc3 24. Rfa1 Ne2+ 25. Kh1 Nxd4 26. h4 Nc2 27. Rxa5 Nxa1 28. Rxa1 Rc2 29. Ra7 Rxf2 30. Qxd7 Qxd7 31. Rxd7 Rc8 32. Rc7 Rxc7 33. Bxc7 f6 34. Kg1 Rc2 35. Bd6 fxe5 36. Bxe5 Kf7 37. Kf1 h5 38. Bf3 g6 39. Be2 Rc5 40. Bf4 e5 41. Bd2 Kf6 42. Bd3 Rd5 43. Ke2 Rd4 44. Bg5+ Kf7 45. Be3 Rb4 46. Kf3 Kf6 47. Bg5+ Kg7 48. Ke3 Rg4 49. Kf3 Rb4 50. Ke3 Rg4 1/2-1/2

[Event "44th Chess Olympiad Open 2022"]
[Site "Chennai"]
[Date "2022.08.07"]
[Round "9.53"]
[White "Junior, Domingos"]
[Black "Kwong, Wing Ki"]
[Result "0-1"]
[WhiteElo "2107"]
[BlackElo "1824"]
[Annotator "NA"]
[PlyCount "90"]
[EventDate "2022.??.??"]
[TimeControl "60"]

1. e4 c5 2. Nf3 Nc6 3. c3 d5 4. e5 d4 5. Bb5 Bd7 6. cxd4 cxd4 7. O-O e6 8. d3 Nge7 9. Na3 Nf5 10. Bxc6 Bxc6 11. Nc4 Be7 12. a4 h5 13. Nfd2 Qd5 14. Ne4 f6 15. f4 O-O-O 16. Bd2 Ne3 17. Bxe3 dxe3 18. Qe2 Kb8 19. Rfd1 Qd4 20. Ned6 Bxd6 21. Nxd6 Rhf8 22. Rf1 g5 23. fxg5 Qxe5 24. Nc4 Qxg5 25. Nxe3 Rg8 26. Rf2 h4 27. h3 Qg3 28. Ng4 f5 29. Nh6 Rg7 30. Rc1 Bd5 31. Rc5 Qd6 32. Qe3 f4 33.
Qd4 e5 34. Qc3 Rg5 35. Rc2 a6 36. Rc8+ Rxc8 37. Qxc8+ Ka7 38. Qc5+ Qxc5+ 39. Rxc5 Rxg2+ 40. Kf1 Bf3 41. b4 Rb2 42. Rxe5 Bg2+ 43. Kg1 Bxh3 44. Re4 f3 45. Rf4 Rg2+ 0-1

[Event "44th Chess Olympiad Open 2022"]
[Site "Chennai"]
[Date "2022.08.07"]
[Round "9.53"]
[White "Kannappan, Thanneermalai"]
[Black "Lutuima, Amaro"]
[Result "1/2-1/2"]
[WhiteElo "1699"]
[BlackElo "2048"]
[Annotator "NA"]
[PlyCount "75"]
[EventDate "2022.??.??"]
[TimeControl "60"]

1. e4 c5 2. Nf3 e6 3. d4 cxd4 4. Nxd4 a6 5. Bd3 Nf6 6. O-O Qc7 7. Qe2 h5 8. h3 d5 9. e5 Nfd7 10. f4 Nc5 11. Be3 Bd7 12. Nd2 Nc6 13.
N2f3 Ne7 14. b3 g6 15. a4 Nf5 16. Bf2 Rc8 17. g4 hxg4 18. hxg4 Nxd4 19. Nxd4 Be7 20. Kg2 Bc6 21. Rh1 Kd7 22. Rxh8 Rxh8 23. Rh1 Rxh1 24. Kxh1 Nxd3 25. Qxd3 g5 26. Bg3 gxf4 27. Bxf4 Qc8 28. Qh7 Qe8 29. Kg2 Kc8 30. c3 Bd7 31. Qg7 Ba3 32. Bg5 Bc5 33. Bf6 Kc7 34. Kf3 Kb6 35. Ke3 Ka7 36. Qh8 Bf8 37. Bg7 Qc8 38. Kd3 1/2-1/2

[Event "44th Chess Olympiad Open 2022"]
[Site "Chennai"]
[Date "2022.08.07"]
[Round "9.53"]
[White "Nissinen, Niilo Man"]
[Black "Dias, Vanderson"]
[Result "1/2-1/2"]
[WhiteElo "1693"]
[BlackElo "2139"]
[Annotator "NA"]
[PlyCount "91"]
[EventDate "2022.??.??"]
[TimeControl "60"]

1. e4 c6 2. d4 d5 3. Nc3 dxe4 4. Nxe4 Bf5 5. Ng3 Bg6 6. h4 h6 7. Nf3 Nd7 8. h5 Bh7 9. Bd3 Bxd3 10. Qxd3 e6 11. Bd2 Qc7 12. O-O-O O-O-O 13. Ne4 Ngf6 14. g3 Nxe4 15. Qxe4 Bd6 16. Kb1 Kb8 17. Qe2 Ka8 18. c4 c5 19. Bc3 Rhg8 20. d5 exd5 21. cxd5 Rge8 22. Qb5 f6 23. Nd2 Be5 24. Nc4 Bxc3 25. bxc3 a6 26. d6 Qc8 27. Qb2 Qc6 28. Rhe1 Rxe1 29. Rxe1 b5 30. Ne3 Ne5 31. Rd1 Rxd6 32. Rxd6 Qxd6 33. Qc2 Kb8 34. Qh7 Qd7 35. f4 Nc4 36. Qg8+ Kb7 37. Nxc4 bxc4 38. Qxc4 Qb5+ 39. Qxb5+ axb5 40. c4 b4 41. a3 f5 42. axb4 cxb4 43. Kb2 Kc6 44. Kc2 Kd6 45. Kb2 Kc6 46. Kc2 1/2-1/2

[Event "44th Chess Olympiad Open 2022"]
[Site "Chennai"]
[Date "2022.08.07"]
[Round "9.54"]
[White "Apol, Luitjen Akselsson"]
[Black "Al Busaidi, Hamood"]
[Result "0-1"]
[WhiteElo "2289"]
[BlackElo "1743"]
[Annotator "RC"]
[PlyCount "98"]
[EventDate "2022.??.??"]
[TimeControl "60"]

1. e4 c5 2. Nf3 g6 3. d4 cxd4 4. Nxd4 Nc6 5. c4 Bg7 6. Nc2 Nf6 7. Nc3 O-O 8. Be2 d6 9. O-O Be6 10. Be3 Rc8 11. Rc1 Nd7 12. Qd2 a5 13.
f3 Nc5 14. Rfd1 f5 15. exf5 Rxf5 16. b3 b6 17. Nd5 Bxd5 18. cxd5 Ne5 19. Nd4 Rf7 20. Qc2 Bf6 21. f4 Ned7 22. Bg4 Bxd4 23. Rxd4 Rc7 24. Qb1 Rf8 25. f5 Qe8 26. Rf4 Ne5 27. Bd4 g5 28. Rff1 Nxg4 29. Rc3 Nf6 30. Qc1 h6 31. h4 Nh7 32. Rg3 Ne4 33. Qxc7 Nxg3 34. Re1 Nxf5 35. Bxb6 Qh5 36. Qd7 gxh4 37. Bxa5 h3 38. Qe6+ Rf7 39. Qc8+ Kg7 40. Bc3+ Nf6 41. gxh3 Kh7 42. Kh2 Rg7 43. Bxf6 exf6 44. Re8 Qf3 45. Rh8+ Kg6 46. Qe8+ Kg5 47. Qe1 Kh5 48. Qe8+ Rg6 49. Rg8 Qg2# 0-1

[Event "44th Chess Olympiad Open 2022"]
[Site "Chennai"]
[Date "2022.08.07"]
[Round "9.54"]
[White "Egilstoft, Rogvi"]
[Black "Salim Mohammed, Salim Al Amri"]
[Result "1-0"]
[WhiteElo "2284"]
[BlackElo "1917"]
[Annotator "RC"]
[PlyCount "71"]
[EventDate "2022.??.??"]
[TimeControl "60"]

1. e4 c5 2. c3 Nf6 3. e5 Nd5 4. d4 cxd4 5. cxd4 d6 6. Nf3 Nc6 7. Bc4 Nb6 8.
Bb5 dxe5 9. Nxe5 Bd7 10. Nxd7 Qxd7 11. O-O e6 12. Nc3 Be7 13. Qg4 Bf6 14. Rd1 h5 15. Qf3 Rd8 16. Be3 Nd5 17. Rac1 Kf8 18. Ne4 Be7 19. Qe2 f5 20. Nc5 Bxc5 21. dxc5 f4 22. Bxf4 Kg8 23. Bd6 Rh6 24. Bc4 Qf7 25. Qe4 Re8 26. Re1 Nce7 27. Bxe7 Qxe7 28. Bxd5 Qg5 29. Bxb7 Rf6 30. c6 Rf4 31. Qe3 e5 32. c7 Kh7 33. Be4+ g6 34. c8=Q Rxc8 35. Rxc8 h4 36. Qxa7+ 1-0

[Event "44th Chess Olympiad Open 2022"]
[Site "Chennai"]
[Date "2022.08.07"]
[Round "9.54"]
[White "Al Maashani, Amer"]
[Black "Ziska, Helgi Dam"]
[Result "1/2-1/2"]
[WhiteElo "1947"]
[BlackElo "2549"]
[Annotator "TA"]
[PlyCount "101"]
[EventDate "2022.??.??"]
[TimeControl "60"]

1. d4 Nf6 2. c4 g6 3. Nc3 Bg7 4. e4 d6 5. h3 Nbd7 6. Be3 {[%emt 0:00:58] E71: King's
Indian: 4 e4 d6 5 h3.} e5 7. d5 Nc5 8. Qc2 {[%emt 0:03:43] White is slightly better.} a5 9. Nf3 O-O 10. g4 $1 {[%emt 0:06:37][%cal
Yg2g4,Yg4g5] now scores much better than the old 10.Be2.} (10. Bxc5 dxc5 11.
Bd3 Bd7 $11) 10... h5 11. g5 $1 Nfd7 12. Be2 c6 13. O-O-O a4 {[%emt 0:01:17] [#]} 14. dxc6 $146 ({
Predecessor:} 14. Kb1 Qa5 15. Nh4 Nb6 16. Rhg1 Bd7 17. Nf5 gxf5 18. exf5 a3 19.
Bxc5 dxc5 20. f6 axb2 {½-½ (31) Suleymenov,A (2440)-Fedorov,A (2529)
Cheliabinsk 2021}) 14... bxc6 15. Rxd6 Qc7 $1 16. Rhd1 ({White should try} 16. Rxd7 $11
Nxd7 17. Nxa4) 16... Re8 $15 17. Nh4 Ne6 (17... Bf8 $15 {is more appropriate.} 18. R6d2 Ne6
) 18. Rxe6 $1 $11 Rxe6 19. c5 a3 {[%emt 0:01:43][%cal Ya4a3,Ya3b2] Strongly threatening ...
axb2+.} 20. Bc4 $2 (20. b4 $11 {and White is okay.}) 20...
axb2+ $19 21. Kb1 {[%emt 0:00:14] [#]} Nf8 22. Nf5 Re8 23. Nd6 Re7 24. Na4 Bxh3 25.
Nb6 Rb8 26. Qb3 (26. a4 $17)
26... Bg4 27. f3 Be6 (27...
Bxf3 $2 28. Rf1 Bg4 29. Bxf7+ Kh8 30. Bc4 $19) 28. a4 Bxc4 29. Qxc4 Ne6 30. a5 Bf8 (30... Qa7 31. Ndc8 Qc7 32. Nxe7+ Qxe7 33. Rd7 $16
) 31. Bf2 Qa7 (31... Nxg5 $2 32. Bh4 Bh6 33.
Bxg5 Bxg5 34. Nxf7 $19) 32. a6 Rc7 {[%emt 0:02:47] Prevents
Ndc8.} (32... Nxg5 33. Ndc8 Qc7 34. Nxe7+ Qxe7 35. Rd7 $18) 33. Rd2 h4 34. Be3 h3 {
[%emt 0:00:47] Threatens to win with ...Bxd6.} (34... Bxd6 $2 35. Rxd6 Kg7 36.
Rd2) 35. Rh2 Nxc5 $2 36. Bxc5 $11 {[%emt 0:
01:40] Chess con chili.} Bxd6 {[%emt 0:01:13] [#]} (36... Rxb6 $11 37. Ne8 Be7
38. Bxe7 (38. Bxb6 $2 Qxb6 39. Rxb2 Qg1+ 40. Qc1 Qxc1+ 41. Kxc1 Ba3 $19) 38...
Rxe7 39. Nf6+ Kf8 40. Rxh3 Rb8 41. Rh8+ Kg7 42. Rh7+ Kf8 43. Rh8+ Kg7 44. Rh7+
Kf8 45. Rh8+) 37. Nd7 $2 {[%emt 0:02:00] White is more active.} (37. Qf1 $1 $14
f5 (37... Qxa6 38. Qxa6) 38. Bxd6 Qxb6 39. Bxc7 Qxc7 40. Qxh3) 37... Bxc5 $19 38. Nf6+ Kf8 39. Rxh3 Ba3 40. Rh1 {[%emt 0:01:02] Inhibits Qg1+.}
Qe3 $2 (40... Ke7 $19 41. Rd1 Qb6) 41. Rh8+ $11 {[%emt 0:30:
29] The position is equal.} Kg7 42. Rh7+ Kf8 43. Rh8+ Ke7 44. Nd5+ $1 cxd5 (44... Kd6 $2 45. Nxe3 Rxh8 46. Qd3+ Kc5
47. Qxa3+ Kb5 48. Kxb2 $18) 45. Qxc7+ Ke6 46.
Qc6+ Bd6 47. Re8+ (47. Rxb8
Qc1+ 48. Qxc1 bxc1=Q+ 49. Kxc1 Bxb8 $19) 47... Rxe8 48. Qxe8+ Be7 49. Qc6+ Bd6 {[%emt 0:
00:00] aiming for ...Qc1+.} 50. Qe8+ Be7 {[%emt 0:00:00] ( ->
...Qc1+)} 51. Qc6+ {[%emt 0:00:00] Weighted Error Value: White=0.33/Black=0.34}
1/2-1/2

[Event "44th Chess Olympiad Open 2022"]
[Site "Chennai"]
[Date "2022.08.07"]
[Round "9.54"]
[White "Salim Issa, Ali Shamas"]
[Black "Rodgaard, John"]
[Result "1/2-1/2"]
[WhiteElo "1851"]
[BlackElo "2324"]
[Annotator "RC"]
[PlyCount "76"]
[EventDate "2022.??.??"]
[TimeControl "60"]

1. d4 d5 2. c4 e6 3. Nc3 c6 4. e3 Nf6 5. Bd3 Nbd7 6. cxd5 exd5 7. Nge2 Bd6 8. h3 O-O 9. O-O Re8 10. Qc2 Nf8 11. f3 Bc7 12. Bd2 Qd6 13.
Kf2 Bd7 14. Rac1 Rac8 15. b4 b5 16. a3 Bb6 17. Qb1 g6 18. Rh1 h5 19. Rcg1 Ne6 20. g4 Ng7 21. Nf4 h4 22. Nfe2 Qe7 23. Nc1 a5 24. N3e2 axb4 25. axb4 Ra8 26. Qb2 Nh7 27. Nb3 Ng5 28. Kg2 N7e6 29. f4 Ne4 30. Bxe4 dxe4 31. Ra1 Nc7 32. Nc5 Be6 33. Rxa8 Rxa8 34. Ra1 Rxa1 35. Qxa1 Bc4 36. Nc3 Bxc5 37. bxc5 Qe6 38. Qa7 Nd5 1/2-1/2

[Event "44th Chess Olympiad Open 2022"]
[Site "Chennai"]
[Date "2022.08.07"]
[Round "9.55"]
[White "Kigigha, Bomo"]
[Black "Jelic, Dejan"]
[Result "0-1"]
[WhiteElo "2251"]
[BlackElo "1905"]
[Annotator "RC"]
[PlyCount "86"]
[EventDate "2022.??.??"]
[TimeControl "60"]

1. c4 e6 2. Nf3 b6 3. g3 Bb7 4. Bg2 Be7 5. Nc3 f5 6. d4 Nf6 7. O-O O-O 8. Qc2 c5 9. d5 exd5 10. Nd2 Nc6 11. cxd5 Nb4 12. Qb3 d6 13. Nc4 a5 14. a3 a4 15. Qd1 Na6 16. Qxa4 Nc7 17. Qb3 b5 18. Nxb5 Nxb5 19. Qxb5 Ba6 20. Qb3 Ne4 21. Qc2 Qe8 22. f3 Nf6 23. e4 fxe4 24. fxe4 Ng4 25. Rf4 Rxf4 26. Bxf4 Bf6 27. Bf3 Bd4+ 28. Kg2 Bxc4 29. Bxg4 Qb5 30. a4 Qa6 31. Be6+ Kh8 32. Ra3 Rb8 33. Rc3 Bf1+ 34. Kf3 Bxc3 35. bxc3 Rb1 36. Bxd6 Bd3 37. Qd2 Rf1+ 38. Ke3 c4 39. Bc5 Qxa4 40. Bf5 Qe8 41. Be6 Qg6 42. Qg2 Qg5+ 43. Kd4 Rd1 0-1

[Event "44th Chess Olympiad Open 2022"]
[Site "Chennai"]
[Date "2022.08.07"]
[Round "9.55"]
[White "Okeke Issac"]
[Black "Mannhart, Marcel"]
[Result "1-0"]
[WhiteElo "2204"]
[BlackElo "2110"]
[Annotator "RC"]
[PlyCount "93"]
[EventDate "2022.??.??"]
[TimeControl "60"]

1. e4 c5 2. Nf3 g6 3. d4 cxd4 4. Qxd4 Nf6 5. c4 Nc6 6. Qe3 Bg7 7. h3 d6 8. Be2 O-O 9. O-O Nd7 10. Nc3 e5 11. Nb5 Nc5 12. Rd1 Nd4 13.
Nfxd4 exd4 14. Nxd4 Re8 15. Bf3 f5 16. Nb5 Nxe4 17. Nxd6 Qxd6 18. Rxd6 Nxd6 19. Bd5+ Kh8 20. Qg5 Be6 21. Bf4 Bxd5 22. Bxd6 Bxc4 23. Be7 Bxb2 24. Rb1 Bg7 25. Rxb7 Reb8 26. Rd7 Be6 27. Rd2 Rb7 28. Bf6 Rf8 29. Bxg7+ Kxg7 30. h4 h5 31. Rd6 Bf7 32. Qf6+ Kh7 33. Kh2 Rg8 34. a4 Rg7 35. Qd4 Bg8 36. a5 Rbc7 37. a6 Rc4 38.
Qf6 Rcc7 39. f3 Rcf7 40. Qg5 f4 41. Qc5 Rf5 42. Qc8 Rff7 43.
Qb8 Rf5 44. Rd4 Rf6 45. Qb5 Be6 46. Qe5 Rgf7 47. Rd6 1-0

[Event "44th Chess Olympiad Open 2022"]
[Site "Chennai"]
[Date "2022.08.07"]
[Round "9.55"]
[White "Schadler, Martin"]
[Black "Balogun, Oluwafemi"]
[Result "0-1"]
[WhiteElo "1939"]
[BlackElo "2274"]
[Annotator "NA RC"]
[PlyCount "68"]
[EventDate "2022.??.??"]
[TimeControl "60"]

1. d4 Nf6 2. c4 g6 3. Nc3 Bg7 4. e4 d6 5. h3 O-O 6. Bg5 h6 7. Be3 e5 8. d5 a5 9. a4 Na6 10. Bd3 Nb4 11. Nge2 Nd7 12. g4 b6 13. Na2 Na6 14. Ng3 Ndc5 15.
Bc2 Qh4 16. Qf3 Bd7 17. b3 f5 18. gxf5 Bxf5 19. exf5 e4 20.
Qg4 Qxg4 21. hxg4 Bxa1 22. Rxh6 gxf5 23. Nxf5 Rae8 24. Kd2 Be5 25. f4 exf3 26. Rg6+ Kf7 27. Nh6+ Ke7 28. Bg5+ Kd7 29. Bf5+ Rxf5 30. Nxf5 f2 31. Ne3 Ne4+ 32. Ke2 Nxg5 33. Rxg5 Bd4 34. Rf5 Bxe3 0-1

[Event "44th Chess Olympiad Open 2022"]
[Site "Chennai"]
[Date "2022.08.07"]
[Round "9.55"]
[White "Frick, Renato"]
[Black "Adebayo, Adegboyega"]
[Result "1/2-1/2"]
[WhiteElo "1900"]
[BlackElo "2313"]
[Annotator "RC"]
[PlyCount "91"]
[EventDate "2022.??.??"]
[TimeControl "60"]

1. e4 e5 2. Nf3 Nc6 3. Bb5 Bc5 4. c3 Nge7 5. O-O Ng6 6. d4 exd4 7. cxd4 Bb6 8. Nc3 Nce7 9. h4 c6 10. Bd3 d5 11. h5 Nf8 12. exd5 cxd5 13. Re1 Ne6 14. Bb5+ Kf8 15. Qd3 f6 16. Bd2 Kf7 17. Re2 Qd6 18.
Rae1 Bd8 19. Ba4 a6 20. Bb3 g6 21. Ne4 dxe4 22. Qxe4 Re8 23. Bxe6+ Bxe6 24. Qxe6+ Qxe6 25. Rxe6 Bc7 26. hxg6+ hxg6 27. Kf1 Nd5 28. Rxe8 Rxe8 29. Rxe8 Kxe8 30. Ke2 Kf7 31.
Kd3 Ke6 32. Ne1 b5 33. Nc2 Bd6 34. g3 f5 35. a3 Bc7 36. b3 Bd6 37. a4 Kd7 38. axb5 axb5 39. Ne3 Nxe3 40. Bxe3 Ke6 41. Bg5 Kd5 42. Bf4 Be7 43. Be3 Bd6 44. Bf4 Be7 45. Be3 Bd6 46. Bf4 1/2-1/2

[Event "44th Chess Olympiad Open 2022"]
[Site "Chennai"]
[Date "2022.08.07"]
[Round "9.56"]
[White "El Jawich, Amro"]
[Black "Ayyad, Husain"]
[Result "1-0"]
[WhiteElo "2314"]
[BlackElo "2209"]
[Annotator "RC"]
[PlyCount "55"]
[EventDate "2022.??.??"]
[TimeControl "60"]

1. e4 e5 2. Nf3 Nc6 3. d4 exd4 4. Nxd4 Bc5 5. Nb3 Bb6 6.
Nc3 d6 7. Qe2 Be6 8. Be3 Nf6 9. O-O-O Ng4 10. Bxb6 axb6 11. f4 Nh6 12. h3 Qh4 13. Nd5 O-O 14. Kb1 Bxd5 15. exd5 Na5 16. g4 Nxb3 17. cxb3 Rfe8 18. Qf3 Re1 19. Bd3 Rxh1 20. Rxh1 Kf8 21. g5 Ng8 22. Bb5 Ne7 23. Qe4 g6 24. Rc1 c6 25. dxc6 bxc6 26. Bxc6 Rc8 27. Qd4 Nxc6 28. Qh8+ 1-0

[Event "44th Chess Olympiad Open 2022"]
[Site "Chennai"]
[Date "2022.08.07"]
[Round "9.56"]
[White "Ayyad, Maher"]
[Black "Kaloust, Giorgio"]
[Result "0-1"]
[WhiteElo "2101"]
[BlackElo "1942"]
[Annotator "NA RC"]
[PlyCount "84"]
[EventDate "2022.??.??"]
[TimeControl "60"]

1. d4 Nf6 2. Nf3 e6 3. Bf4 c5 4. e3 Nc6 5. c3 d5 6. Nbd2 Nh5 7. Bg5 f6 8. Bh4 cxd4 9. cxd4 g6 10. a3 Be7 11. Bd3 O-O 12. O-O Kh8 13.
Rc1 e5 14. dxe5 fxe5 15. Bxe7 Qxe7 16. Bb5 Bd7 17. Nb3 a6 18. Be2 Rad8 19. Rc5 Nf6 20. Rc1 Rfe8 21. Nc5 Bc8 22. h3 d4 23. exd4 Nxd4 24. Nxd4 Rxd4 25. Qc2 Red8 26. Nb3 Bf5 27. Qc3 R4d6 28. Rfe1 Nd5 29. Qg3 Nf4 30. Rc3 Nd5 31. Rcc1 Nf4 32. Nc5 Nxe2+ 33. Rxe2 Rd1+ 34. Rxd1 Rxd1+ 35. Kh2 Qxc5 36.
Rxe5 Rd5 37. Re8+ Kg7 38. b4 Qd6 39. Qxd6 Rxd6 40. Re7+ Kg8 41. Rxb7 Rd3 42. a4 Ra3 0-1

[Event "44th Chess Olympiad Open 2022"]
[Site "Chennai"]
[Date "2022.08.07"]
[Round "9.56"]
[White "Khoder, Akram"]
[Black "Shaker, Musab"]
[Result "1-0"]
[WhiteElo "2038"]
[BlackElo "1705"]
[Annotator "NA RC"]
[PlyCount "153"]
[EventDate "2022.??.??"]
[TimeControl "60"]

1. d4 Nf6 2. c4 e6 3. g3 d5 4. Bg2 c6 5. Nf3 Bd6 6. Nc3 O-O 7. O-O Nbd7 8.
Nd2 Be7 9. Qc2 e5 10. dxe5 Nxe5 11. cxd5 cxd5 12. Nb3 d4 13. Ne4 d3 14. exd3 Qxd3 15. Qxd3 Nxd3 16. Rd1 Nxc1 17. Raxc1 Nxe4 18.
Bxe4 Bf6 19. Rd2 Be6 20. Bxb7 Rab8 21. Bd5 Bxb2 22. Rc7 Be5 23. Rxa7 Bh3 24. f3 Bd6 25. Rxf7 Rxf7 26. Bxf7+ Kxf7 27. Rxd6 Ra8 28. Rd2 Be6 29. Kf2 Ra3 30. Rb2 Kf6 31. Ke3 Bd5 32. f4 g5 33. Kd4 Be6 34. fxg5+ Kxg5 35. Kc3 Ra7 36. Rd2 Kg4 37. Rd4+ Kh3 38. Rd2 Bf7 39. Kb2 Bc4 40. Rd4 Bg8 41. Rh4+ Kg2 42. Rh6 Bd5 43. Nc1 Rb7+ 44. Kc3 Rc7+ 45. Kd2 Ra7 46. a4 Bg8 47. Rh4 Be6 48. Ne2 Bb3 49. Nc3 Be6 50. g4 Bb3 51. g5 Be6 52. Re4 Rd7+ 53.
Ke1 Bf5 54. Re2+ Kh3 55. Re5 Bg6 56. a5 Kxh2 57. Na4 Kg3 58.
Nc5 Ra7 59. Nb3 Kf4 60. Rc5 Bf5 61. Nd4 Bg6 62. Kd2 Be8 63.
Kc3 Ke4 64. Nb5 Bxb5 65. Rxb5 Kf4 66. Kb4 Kg4 67. Kc5 Ra8 68. Kc6 Kh5 69. Kb7 Re8 70. Rd5 Re6 71. a6 Re7+ 72. Kc6 Re6+ 73. Rd6 Re5 74. g6 hxg6 75. Rd5 Rxd5 76. Kxd5 g5 77. a7 1-0